 Dungeon Crawl Stone Soup version 0.28.0-53-g5a82cb258f (webtiles) character file.

Game seed: 5673287550192275244

3789 safid the Cleaver (level 10, -5/90 HPs)
             Began as a Hill Orc Fighter on July 4, 2022.
             Was a Believer of Beogh.
             Slain by a gnoll sergeant
             ... wielding a +2 vampiric trident
              (13 damage)
             ... on level 8 of the Dungeon.
             The game lasted 00:12:17 (8522 turns).

safid the Cleaver (Hill Orc Fighter)                Turns: 8522, Time: 00:12:17

Health: -5/90      AC: 19    Str: 24    XL:     10   Next: 16%
Magic:  10/10      EV:  5    Int:  8    God:    Beogh [**....]
Gold:   298        SH: 10    Dex: 10    Spells: 9/9 levels left

rFire   + . .      SeeInvis .   a - +0 war axe
rCold   . . .      Faith    .   r - +0 kite shield
rNeg    . . .      Spirit   .   u - +0 plate armour
rPois   .          Reflect  .   e - +0 helmet
rElec   .          Harm     .   (no cloak)
rCorr   .          Rampage  .   w - +2 pair of gloves
Will    +....                   s - +0 pair of boots
Stlth   ..........              (no amulet)
HPRegen 0.25/turn               p - ring of protection from fire
MPRegen 0.12/turn               x - ring of willpower

@: no status effects
A: no striking features
a: Renounce Religion, Smiting


You were on level 8 of the Dungeon.
You worshipped Beogh.
Beogh was pleased with you.
You visited 1 branch of the dungeon, and saw 8 of its levels.

You collected 298 gold pieces.

Inventory:

Hand Weapons
 a - a +0 war axe (weapon)
Missiles
 f - 4 silver boomerangs
 i - 19 poisoned darts
 k - 3 throwing nets (quivered)
Armour
 e - a +0 helmet (worn)
 r - a +0 kite shield (worn)
 s - a +0 pair of boots (worn)
 u - a +0 plate armour (worn)
 w - a +2 pair of gloves (worn)
Jewellery
 c - a ring of resist corrosion
 p - a ring of protection from fire (left hand)
 x - a ring of willpower (right hand)
Scrolls
 g - a scroll of noise {unknown}
 l - 4 scrolls of amnesia
 n - a scroll of immolation {unknown}
 o - a scroll of silence {unknown}
 q - a scroll of fear
 v - a scroll of summoning {unknown}
 y - a scroll of fog {unknown}
 z - a scroll of vulnerability {unknown}
Potions
 b - 2 potions of brilliance
 d - 2 potions of ambrosia
 h - 2 potions of curing
 j - a potion of magic
 t - 2 potions of lignification
 A - a potion of invisibility {unknown}


   Skills:
 + Level 8.4 Fighting
 + Level 11.8 Axes
 + Level 7.9 Armour
 + Level 7.9 Shields


You had 9 spell levels left.
You didn't know any spells.
Your spell library contained the following spells:

 Spells                   Type           Power      Damage    Failure   Level
 Sting                    Tmut/Pois      0%         1d3       100%        1
 Poisonous Vapours        Pois/Air       0%         N/A       100%        2
 Frozen Ramparts          Ice            0%         1d2       100%        3
 Ice Form                 Ice/Tmut       0%         N/A       100%        4
 Olgreb's Toxic Radiance  Pois           0%         N/A       100%        4
 Summon Ice Beast         Ice/Summ       0%         N/A       100%        4


Dungeon Overview and Level Annotations

Branches:
Dungeon (8/15)             Temple (0/1) D:7
   Lair: D:8-11

Altars:
Kikubaaqudgha
Makhleb
Nemelex Xobeh
Okawaru
Sif Muna
Zin
Beogh
Lugonu

Portals:
Abyss: D:3

Annotations:
D:3 2 runed translucent doors
D:6 1 runed translucent door, Crazy Yiuf
D:8 1 transporter


Message History

Things that are here:
a +2 vampiric spear; a +0 halberd You completely miss the gnoll sergeant.
You block the gnoll sergeant's attack.
You hit the gnoll sergeant but do no damage.
The gnoll sergeant hits you but does no damage.
You feel better. You block the gnoll sergeant's attack.
You hit the gnoll sergeant but do no damage.
You block the gnoll sergeant's attack.
You barely miss the gnoll sergeant.
The gnoll sergeant hits you with a +2 vampiric trident.
* * * LOW HITPOINT WARNING * * *
You hit the gnoll sergeant but do no damage.
You block the gnoll sergeant's attack.
You hit the gnoll sergeant.
The gnoll sergeant is lightly wounded.
You block the gnoll sergeant's attack.
You hit the gnoll sergeant.
The gnoll sergeant is moderately wounded.
The gnoll sergeant hits you but does no damage.
You completely miss the gnoll sergeant.
The gnoll sergeant is moderately wounded.
You block the gnoll sergeant's attack.
You closely miss the gnoll sergeant.
The gnoll sergeant is moderately wounded.
The gnoll sergeant barely misses you.
You hit the gnoll sergeant.
The gnoll sergeant is heavily wounded.
The gnoll sergeant hits you with a +2 vampiric trident.
* * * LOW HITPOINT WARNING * * *
The gnoll sergeant draws strength from your wounds!
You slash the gnoll sergeant!
The gnoll sergeant is severely wounded.
You block the gnoll sergeant's attack.
You barely miss the gnoll sergeant.
The gnoll sergeant is severely wounded.
The gnoll sergeant barely misses you.
You closely miss the gnoll sergeant.
The gnoll sergeant is severely wounded.
The gnoll sergeant hits you with a +2 vampiric trident!
You die...

..≈≈≈≈≈≈≈≈≈≈≈≈≈≈≈≈≈≈≈≈≈≈≈≈≈.##...
..≈≈≈≈≈≈≈≈≈≈≈≈≈≈≈≈≈≈≈≈≈≈≈≈≈.##...
..≈≈#####...........#####≈≈.##...
..≈≈#.#.#.###.©.###.#.#.#≈≈..#...
..≈≈#...###.#####©###...#≈≈......
..≈≈###...............###≈≈.##...
..≈≈.8#.######'###'##.#8.≈≈.##...
..≈≈.##.#...#8..#...#.##.≈≈......
..≈≈.#..'..:#⌠©g@...'..#.≈≈..####
..≈≈.##.#gWg#8))#...#.##.≈≈..#
..≈≈.8#.######'###'##.#8.≈≈..#
..≈≈###......./.......###≈≈..#
..≈≈#gg.###.#####.###...#≈≈..#
..≈≈#g#.#.###.©.###.#g#.#≈≈..#
..≈≈#####...........#####≈≈..#
..≈≈≈≈≈≈≈≈≈≈≈...≈≈≈≈≈≈≈≈≈≈≈..#
..≈≈≈≈≈≈≈≈≈≈≈...≈≈≈≈≈≈≈≈≈≈≈..#


You could see a gnoll sergeant.

Vanquished Creatures
  The ghost of hawla the Arsonist, a novice FeFE of Vehumet (D:8)
  Grinder (D:3)
  Prince Ribbit (D:6)
  Edmund (D:5)
  Menkaure (D:5)
  2 water moccasins
  An ice beast (D:5)
  A sky beast (D:8)
  3 necrophages
  An orc warrior (D:7)
  2 ogres
  Blork the orc (D:4)
  A kobold brigand (D:4)
  A gnoll sergeant (D:8)
  3 scorpions
  A water moccasin zombie (D:5)
  11 killer bees
  3 howler monkeys
  3 wights (D:8)
  2 bullfrog zombies (D:6)
  A jelly (D:8)
  A hound (D:6)
  4 orc priests
  2 bullfrog skeletons
  2 centaur skeletons
  Terence (D:2)
  5 orc wizards
  An iguana (D:6)
  3 adders
  12 gnolls
  A shadow imp (D:6)
  A white imp (D:6)
  A dart slug (D:2)
  27 orcs
  8 bats
  6 endoplasms
  9 giant cockroaches
  4 goblins
  5 hobgoblins
  12 jackals
  22 kobolds
  2 quokkas
  5 ball pythons
  2 frilled lizards (D:1)
  11 rats
189 creatures vanquished.

Vanquished Creatures (others)
  4 fungi (D:6)
  19 plants
23 creatures vanquished.

Grand Total: 212 creatures vanquished

Notes
Turn   | Place    | Note
-------+----------+-------------------------------------------
     0 | D:1      | safid the Hill Orc Fighter began the quest for the Orb.
     0 | D:1      | Reached XP level 1. HP: 19/19 MP: 1/1
   191 | D:1      | Reached XP level 2. HP: 7/27 MP: 2/2
   197 | D:1      | Reached skill level 3 in Axes
   658 | D:1      | Found a faded altar of an unknown god.
   732 | D:1      | Reached XP level 3. HP: 33/33 MP: 3/3
   954 | D:2      | Noticed Terence
   960 | D:2      | Killed Terence
   961 | D:2      | Reached XP level 4. HP: 35/40 MP: 4/4
  1069 | D:2      | Reached skill level 4 in Axes
  1942 | D:3      | Found a large runed translucent door.
  1947 | D:3      | Found a large runed translucent door.
  1960 | D:3      | Noticed Grinder
  1968 | D:3      | Paralysed by Grinder for 3 turns
  1974 | D:3      | Killed Grinder
  1975 | D:3      | Reached skill level 7 in Axes
  1975 | D:3      | Reached XP level 5. HP: 13/46 MP: 5/5
  1975 | D:3      | Reached XP level 6. HP: 15/52 MP: 6/6
  2235 | D:3      | Found a one-way gate to the infinite horrors of the Abyss.
  2446 | D:3      | Found an iron altar of Okawaru.
  2702 | D:3      | Found a corrupted altar of Lugonu.
  2902 | D:4      | Reached skill level 8 in Axes
  3009 | D:4      | Noticed Blork the orc
  3019 | D:4      | Killed Blork the orc
  3020 | D:4      | Reached XP level 7. HP: 51/59 MP: 7/7
  3386 | D:4      | Became a worshipper of Beogh the Brigand
  3804 | D:4      | Reached * piety under Beogh
  3940 | D:5      | Entered Level 5 of the Dungeon
  3949 | D:5      | Reached skill level 9 in Axes
  4024 | D:5      | Reached skill level 5 in Fighting
  4024 | D:5      | Reached XP level 8. HP: 27/68 MP: 8/8
  4029 | D:5      | Reached skill level 5 in Shields
  4313 | D:5      | Reached skill level 5 in Armour
  4516 | D:5      | Noticed Menkaure
  4530 | D:5      | Killed Menkaure
  5033 | D:5      | Reached skill level 10 in Axes
  5079 | D:5      | Found a shimmering blue altar of Sif Muna.
  5410 | D:6      | Noticed Edmund
  5425 | D:6      | Noticed Prince Ribbit
  5438 | D:5      | Killed Edmund
  5592 | D:5      | Reached XP level 9. HP: 75/78 MP: 9/9
  5885 | D:6      | Found a glowing silver altar of Zin.
  6000 | D:6      | Killed Prince Ribbit
  6354 | D:6      | Found a runed translucent door.
  6355 | D:6      | Noticed Crazy Yiuf
  6410 | D:7      | Found a burning altar of Makhleb.
  6410 | D:7      | Noticed a cacodemon
  6413 | D:7      | Noticed a smoke demon
  6413 | D:7      | Noticed a smoke demon
  6498 | D:7      | Found a staircase to the Ecumenical Temple.
  6577 | D:7      | Reached skill level 11 in Axes
  6664 | D:7      | Reached ** piety under Beogh
  7056 | D:7      | Found a roughly hewn altar of Beogh.
  7056 | D:7      | Found the +7 staff of the Meek {protect, meekguard}
  7829 | D:8      | Found a transporter.
  7853 | D:8      | Found an ancient bone altar of Kikubaaqudgha.
  7877 | D:8      | Found a sparkling altar of Nemelex Xobeh.
  7954 | D:8      | Reached XP level 10. HP: 66/88 MP: 10/10
  8247 | D:8      | Found a transporter.
  8253 | D:8      | Identified the +2 quarterstaff of Proximity {vorpal, rCorr}
  8253 | D:8      | Identified the ring "Xeathysch" {rElec rPois rC+ Str+8
                  | Int-4}
  8255 | D:8      | Identified the +0 kite shield of the Loofah {Will+}
  8257 | D:8      | Noticed hawla's ghost (novice FeFE)
  8506 | D:8      | HP: 3/89 [gnoll sergeant/+2 vampiric trident (7)]
  8507 | D:8      | Killed hawla's ghost
  8522 | D:8      | Slain by a gnoll sergeant

Illustrated notes

Levels and vault maps discovered:
D:1:      giann_wishing_wells, layout_rooms,
          shapermc_ecumenical_altar_flowoftime, chequers_serial_rivers_micro_d
D:2:      layout_loops_ring, minmay_misc_feat_alley, item_on_display_a,
          uniq_terence
D:3:      due_chaos_kobolds, layout_rooms, lemuel_tele_altar, uniq_grinder
D:4:      kennysheep_kobold_camp, layout_loops_ring, corner_web_ring,
          uniq_blork_the_orc
D:5:      layout_rooms, nicolae_sif_muna_little_library, minivault_25,
          uniq_menkaure
D:6:      layout_cave_pools, zin_scriptorium, uniq_crazy_yiuf_cottage,
          uniq_edmund, uniq_prince_ribbit1
D:7:      layout_gridville, makhleb_altar_promises_db, minmay_temple_entry_grid,
          pf_guarded_unrand_meek
D:8:      layout_gridville, mainiacjoe_overflow_large_starburst,
          gammafunk_ghost_gnarly_gnolls

Skill      XL: |  1  2  3  4  5  6  7  8  9 |
---------------+----------------------------+-----
Axes           | 3 7 8 9 10 11 | 11.8
Fighting       | 4 5 6 8 |  8.4
Shields        | 4 6 7 |  7.9
Armour         | 4 6 7 |  7.9

Action                   |  1- 3 |  4- 6 |  7- 9 | 10-12 || total
-------------------------+-------+-------+-------+-------++-------
Melee: War axe           |    78 |   155 |   372 |    55 ||   660
Throw: Dart              |       |     2 |       |       ||     2
Invok: Convert to Beogh  |       |       |     1 |       ||     1
  Use: Potion            |       |     1 |     4 |     2 ||     7
       Scroll            |       |       |     6 |       ||     6
Armor: Scale mail        |    55 |    75 |     3 |       ||   133
       Plate armour      |       |       |   254 |    41 ||   295
Dodge: Dodged            |    60 |    79 |    92 |    16 ||   247
Block: Buckler           |    25 |    21 |       |       ||    46
       Kite shield       |       |       |   191 |    39 ||   230
